 Dungeon Crawl Stone Soup version 0.24.0-29-g8ce449bc06 (webtiles) character file.

Game seed: 1162147760739115331, levelgen mode: deterministic

114 Flugslaktarn the Covered (level 4, -1/41 HPs)
             Began as a Minotaur Fighter on Nov 14, 2019.
             Killed from afar by an orc wizard (8 damage)
             ... with a puff of flame
             ... on level 4 of the Dungeon.
             The game lasted 00:01:09 (2679 turns).

Flugslaktarn the Covered (Minotaur Fighter)         Turns: 2679, Time: 00:01:09

Health: -1/41      AC:  7    Str: 21    XL:     4   Next: 67%
Magic:  3/3        EV:  7    Int:  5    God:
Gold:   111        SH:  9    Dex: 10    Spells: 3/3 levels left

rFire    . . .     SeeInvis .   a - +0 war axe
rCold    . . .     Gourm    .   c - +0 shield
rNeg     . . .     Faith    .   b - +0 scale mail
rPois    .         Spirit   .   (helmet restricted)
rElec    .         Reflect  .   (no cloak)
rCorr    .         Harm     .   (no gloves)
MR       .....                  (no boots)
Stlth    ..........             (no amulet)
HPRegen  0.13/turn              (no ring)
MPRegen  0.08/turn              (no ring)

@: invisible
A: retaliatory headbutt, horns 2
a: no special abilities


You were on level 4 of the Dungeon.
You were not hungry.

You visited 1 branch of the dungeon, and saw 4 of its levels.

You collected 111 gold pieces.

Inventory:

Hand Weapons
 a - a +0 war axe (weapon)
Armour
 b - a +0 scale mail (worn)
 c - a +0 shield (worn)
Jewellery
 h - an uncursed ring of resist corrosion {unknown}
   (You found it on level 1 of the Dungeon)
Scrolls
 g - a scroll of enchant weapon {unknown}
 i - 5 scrolls of identify {unknown}
 j - a scroll of blinking {unknown}
 k - 3 scrolls of teleportation {unknown}
 l - a scroll of fog {unknown}
 m - a scroll of immolation {unknown}
 n - a scroll of amnesia {unknown}
 p - 3 scrolls of remove curse {unknown}
 u - a scroll of noise {unknown}
 v - a scroll of fear {unknown}
Potions
 d - a potion of might
 f - a potion of invisibility
 o - 2 potions of heal wounds {unknown}
 q - a potion of curing
 r - a potion of cancellation {unknown}
 s - a potion of degeneration {unknown}
Comestibles
 e - 7 rations
 t - a chunk of flesh


   Skills:
 + Level 4.4 Fighting
 * Level 4.2 Axes
 + Level 4.4 Armour
 + Level 4.3 Shields


You had 3 spell levels left.
You didn't know any spells.
Your spell library was empty.

Dungeon Overview and Level Annotations

Branches:
Dungeon (4/15)
 Temple: D:4-7

Altars:
Vehumet
Yredelemnul


Innate Abilities, Weirdness & Mutations

You reflexively headbutt those who attack you in melee.
You have a pair of horns on your head.


Message History

Something hits you. You block the orc's attack.
The adder bites you but does no damage. Something hits you but does no damage.
You block the orc priest's attack. The orc hits you with a +0 whip.
You are too injured to fight recklessly!
You are too injured to fight recklessly!
It was a potion of curing.
You feel better.
q - a potion of curing;
l - a scroll labeled TIRYUFE UNEAXU The adder bites you but does no damage.
You block something's attack.
The orc priest calls down the wrath of Beogh upon you.
Beogh smites you!
* * * LOW HITPOINT WARNING * * *
You block the adder's attack. The orc hits you with a +0 whip.
* * * LOW HITPOINT WARNING * * *
Something hits you but does no damage.
It was a potion of invisibility.
You fade into invisibility!
You hear some strange, mumbled words.
A puff of flame appears from out of thin air!
The puff of flame hits you!
You die...

. ....... ..#. .......
### #.#.# ..g.... ..#
#.#.. ...g... #.# #...#
.g..... #.#
#######..##.g..... #.#
#.........oo....(. #.#
#.........@{......
#.#####..........S......
....รท.........>#########
............./##
..............#
..............####
#..............%...
#.............##.#.
.........#.#.#.# #


You could see an orc priest, an adder, an orc and 4 goblins.

Vanquished Creatures
  4 adders
  An ooze (D:2)
  A worm (D:2)
  5 leopard geckos
  8 orcs
  5 bats
  7 goblins
  3 hobgoblins
  4 jackals (D:4)
  3 ball pythons
  3 frilled lizards
  8 kobolds
  7 rats
59 creatures vanquished.

Notes
Turn   | Place    | Note
-------+----------+-------------------------------------------
     0 | D:1      | Flugslaktarn the Minotaur Fighter began the quest for the
                  | Orb.
     0 | D:1      | Reached XP level 1. HP: 19/19 MP: 0/0
   155 | D:1      | Reached XP level 2. HP: 18/27 MP: 1/1
   765 | D:1      | Reached XP level 3. HP: 33/33 MP: 2/2
  1329 | D:2      | Found a basalt altar of Yredelemnul.
  1579 | D:3      | Reached XP level 4. HP: 28/40 MP: 3/3
  1741 | D:3      | Found a radiant altar of Vehumet.
  2679 | D:4      | Killed from afar by an orc wizard

Levels and vault maps discovered:
D:1:      dpeg_arrival_erosion, layout_basic, serial_forest,
          infiniplex_forest_join, infiniplex_forest_clump_long,
          infiniplex_forest_clump_double, infiniplex_forest_lined_2,
          infiniplex_forest_lined_3_way, infiniplex_forest_lined_2
D:2:      layout_basic, yredelemnul_altar_generic
D:3:      layout_basic, old_standard_altar
D:4:      minmay_evil_eye, layout_basic, minmay_temple_entry_purple_smoke,
          st_stairs_13, uniq_robin

Skill      XL: |  1  2  3  4 |
---------------+-------------+-----
Axes           | 3 4 |  4.2
Armour         | 4 |  4.4
Shields        | 4 |  4.3
Fighting       | 4 |  4.4

Action                   |  1- 3 |  4- 6 || total
-------------------------+-------+-------++-------
Melee: War axe           |   110 |    63 ||   173
       Headbutt          |    11 |     7 ||    18
  Use: Potion            |       |     2 ||     2
  Eat: Chunk             |     2 |     4 ||     6
Armor: Scale mail        |    50 |    25 ||    75
Dodge: Dodged            |    37 |    20 ||    57
Block: Shield            |    70 |    44 ||   114
